 Dungeon Crawl Stone Soup version 0.20.1-1-g8b1a95d (webtiles) character file.

405651 tmwrnj the Hoplite (level 23, -1/205 (206) HPs)
             Began as a Hill Orc Fighter on July 10, 2017.
             Was the Champion of Beogh.
             Splashed by an acid blob's acid (5 damage)
             ... created by the Royal Jelly
             ... on level 5 of the Pits of Slime on July 12, 2017.
             The game lasted 06:27:58 (56581 turns).

tmwrnj the Hoplite (Hill Orc Fighter)              Turns: 56581, Time: 06:27:59

HP:   -1/205 (206)  AC: 17    Str: 32 (33) XL:     23   Next: 39%
MP:   24/24         EV: 11    Int: 10      God:    Beogh [******]
Gold: 2323          SH: 29    Dex:  9      Spells: 22/22 levels left

rFire    + + .     SeeInvis +   U - +9 mace "Gumimeel" {venom, rF+ rN+ MR+}
rCold    + + +     Gourm    .   Y - +2 large shield
rNeg     + . .     Faith    .   G - +12 plate armour of the Loofah {+Blink rC++ Dex-5}
rPois    .         Spirit   .   B - +2 helmet {SInv}
rElec    .         Reflect  .   a - scarf "Miudghisy" {MR+ Regen+}
rCorr    +         Harm     .   i - +3 pair of gloves of Heresy {MR+}
MR       ++++.     Rnd*Rage +   T - +2 pair of boots
Stlth    ..........             r - amulet of Vitality {Regen+ HP+15}
Regen    1.3/turn               E - ring of resist corrosion
MPRegen  0.2/turn               o - ring of Ytass {rC+ Str+5 Slay+2}

@: mighty, corroded, hasted, very quick
A: walk on water, hooves 1, berserk 1, blurry vision 2, clever 1, clumsy 1,
deformed body, deterioration 1, fire resistance 1, frail 1
}: 2/15 runes: serpentine, barnacled
a: Smiting, Recall Orcish Followers, Give Item to Named Follower, Resurrection,
Renounce Religion, Evoke Blink


You were on level 5 of the Pits of Slime.
You worshipped Beogh.
Beogh was exalted by your worship.
You were hungry.

You visited 9 branches of the dungeon, and saw 45 of its levels.
You also visited: Labyrinth and Sewer.

You collected 4348 gold pieces.
You spent 2025 gold pieces at shops.

Inventory:

Hand Weapons
 F - the +8 mace "Wonnifekk" {freeze, +Inv rPois rF+ MP+9}
   (You found it on level 6 of the Dungeon)

   It has been specially enchanted to freeze those struck by it, causing extra
   injury to most foes and up to half again as much damage against particularly
   susceptible opponents.
   It can also slow down cold-blooded creatures.
   It protects you from fire.
   It protects you from poison.
   It affects your magic capacity (+9).
   It lets you turn invisible.
 U - the +9 mace "Gumimeel" (weapon) {venom, rF+ rN+ MR+}
   (You took it off a deep elf high priest on level 3 of the Elven Halls)

   It poisons the flesh of those it strikes.
   It protects you from fire.
   It protects you from negative energy.
   It affects your resistance to hostile enchantments.
Armour
 a - the scarf "Miudghisy" (worn) {MR+ Regen+}
   (You acquired it on level 7 of the Dungeon)

   It affects your resistance to hostile enchantments.
   It increases your rate of regeneration.
 i - the +3 pair of gloves of Heresy (worn) {MR+}
   (You found it in a labyrinth)

   It affects your resistance to hostile enchantments.
 B - a +2 helmet of see invisible (worn)
 G - the +12 plate armour of the Loofah (worn) {+Blink rC++ Dex-5}
   (You found it in a labyrinth)

   It affects your dexterity (-5).
   It greatly protects you from cold.
   It lets you blink.
 K - the +1 pair of boots "Zyinkes" {rF+ SInv}
   (You found it on level 5 of the Lair of Beasts)

   It protects you from fire.
   It lets you see invisible.
 T - a +2 pair of boots (worn)
 Y - a +2 large shield (worn)
Jewellery
 o - the ring of Ytass (right hand) {rC+ Str+5 Slay+2}
   (You took it off a deep elf annihilator on level 3 of the Elven Halls)

   [ring of protection from cold]

   It affects your strength (+5).
   It affects your accuracy and damage with ranged weapons and melee attacks
   (+2).
   It protects you from cold.
 p - an uncursed ring of flight
 q - an uncursed ring of protection from magic
 r - the amulet of Vitality (around neck) {Regen+ HP+15}
   (You bought it in a shop on level 2 of the Orcish Mines)

   [amulet of regeneration]

   It affects your health (+15).
   It increases your rate of regeneration.
 E - a ring of resist corrosion (left hand)
 J - an uncursed ring of poison resistance
 R - a +4 amulet of reflection
 V - an uncursed ring of protection from fire
Scrolls
 e - a scroll of holy word {unknown}
 h - 5 scrolls of identify
 j - 8 scrolls of magic mapping
 k - 6 scrolls of fear
 m - 13 scrolls of teleportation
 n - 4 scrolls of recharging
 y - 17 scrolls of remove curse
 D - a scroll of brand weapon
 H - 3 scrolls of silence
 I - 2 scrolls of amnesia
 S - 3 scrolls of fog
Potions
 d - 3 potions of might
 g - 2 potions of ambrosia
 l - 2 potions of resistance
 s - 5 potions of haste
 v - 9 potions of flight
 w - 4 potions of agility
 x - 11 potions of curing
 M - 3 potions of brilliance
 O - 3 potions of invisibility
 Q - 5 potions of berserk rage
Miscellaneous
 P - 2 phantom mirrors
Comestibles
 f - 18 bread rations
 t - 3 royal jellies
 z - 19 meat rations


   Skills:
 + Level 19.2 Fighting
   Level 9.9(18.2) Axes
 + Level 20.4(20.9) Maces & Flails
   Level 0.1 Crossbows
 + Level 17.0 Armour
 + Level 5.2 Dodging
 + Level 4.8 Stealth
 + Level 26.5 Shields
 + Level 1.6 Evocations


You had 22 spell levels left.
You didn't know any spells.

Dungeon Overview and Level Annotations

Branches:
Dungeon (15/15)            Temple (1/1) D:4            Lair (6/6) D:10
 Shoals (4/4) Lair:4        Snake (4/4) Lair:2        Slime (5/5) Lair:5
    Orc (2/2) D:10            Elf (3/3) Orc:2        Vaults (5/5) D:13
  Crypt (0/3) Vaults:3     Depths (0/5) D:15

Altars:
Ashenzari
Cheibriados
Dithmenos
Elyvilon
Fedhas
Gozag
Hepliaklqana
Kikubaaqudgha
Makhleb
Nemelex Xobeh
Okawaru
Qazlal
Ru
Sif Muna
Trog
Uskayaw
Vehumet
Xom
Yredelemnul
Zin
The Shining One
Jiyva

Shops:
D:4 :   D:7 *   D:12 %   D:14 =   Orc:2 ?=:*   Elf:1 *:(   Elf:3 =   Snake:1 %
Snake:4 =}=   Vaults:2 !   Vaults:3 :   Vaults:4 *

Portals:
Hell: Lair:6

Annotations:
D:10 misc stash
D:13 cache of wands
D:14 ring of robustness in store
Lair:5 exclusion: oklob plant
Slime:5 Royal Jelly
Orc:2 Amulet of vitality in store
Elf:3 cache in far north of map, exclusion: orange crystal statue


Innate Abilities, Weirdness & Mutations

You can walk on water.
You have large cloven feet.
You tend to lose your temper in combat.
Scrolls take you longer to read.
Your mind is acute. (Int +2)
You are clumsy. (Dex -2)
Armour fits poorly on your strangely shaped body.
Your body sometimes deteriorates upon taking damage.
Your flesh is heat resistant. (rF+)
You are frail. (-10% HP)


Message History

Okay, then.
The acid blob hits you.
* * * LOW HITPOINT WARNING * * *
You are splashed with acid!
The acid burns!
You resist.
* * * LOW HITPOINT WARNING * * *
The acid blob spits acid at you. The splash of acid hits you!
You are splashed with acid!
The acid burns!
You resist.
* * * LOW HITPOINT WARNING * * *
The acid blob spits acid at you. The splash of acid hits you! You resist.
* * * LOW HITPOINT WARNING * * *
You are splashed with acid!
The acid burns!
You resist.
* * * LOW HITPOINT WARNING * * *
You block the acid blob's attack. The acid blob spits acid at you.
The splash of acid hits you! You resist.
* * * LOW HITPOINT WARNING * * *
The acid corrodes you!
You are splashed with acid!
The acid burns!
You resist.
You die...

### #####.## ### ####....#.##
##.#### ##..........####...#.###
.............J.........#
.............JJ........##
...........JJJJ.@.......##
...........JJ.JJJ........#
............J..JJ........##
............JJJJ..........#
............J..........<..###
............................####
...............................##
................................#
.................................


You could see the Royal Jelly, 7 acid blobs, 6 azure jellies and 6 death oozes.

Vanquished Creatures
  Frederick (Vaults:2)
  Rupert (Lair:3)
  2 deep elf master archers (Elf:3)
  3 deep elf blademasters
  20 acid blobs
  A sphinx (Vaults:2)
  Frances (Shoals:1)
  Polyphemus (Shoals:1)
  4 krakens
  9 nagarajas
  Ilsuiw (Shoals:4)
  11 azure jellies
  9 deep elf sorcerers
  11 vault wardens
  6 deep elf elementalists
  3 stone giants
  2 very ugly things (Vaults:1)
  8 ironheart preservers
  4 deep elf demonologists (Elf:3)
  6 deep elf annihilators
  Azrael (D:13)
  An eidolon (Vaults:3)
  4 merfolk javelineers
  5 death oozes
  A minotaur (Lab)
  2 deep elf high priests
  6 deep elf death magi
  9 yaktaur captains
  A crystal guardian (Vaults:3)
  7 merfolk impalers
  9 hydras
  2 ice dragons
  4 great orbs of eyes
  16 vault guards
  An alligator (shapeshifter) (Vaults:1)
  2 catoblepae
  7 naga warriors
  8 anacondas
  A merfolk aquamancer (Shoals:4)
  8 centaur warriors
  5 ogre magi
  A death knight (Vaults:3)
  6 merfolk avatars
  12 two-headed ogres
  7 death yaks
  A deep troll earth mage (Vaults:4)
  A deep troll shaman (Vaults:4)
  2 satyrs (Shoals:4)
  6 naga sharpshooters
  A vampire mage (Vaults:3)
  33 dancing weapons
  Urug (Lair:2)
  3 shock serpents
  22 deep elf knights
  A sixfirhy (Lair:6)
  10 skeletal warriors
  3 salamander mystics (Snake:2)
  7 deep trolls
  11 naga ritualists
  3 unseen horrors
  A kraken simulacrum (Shoals:4)
  14 deep elf archers
  13 sea snakes
  3 wizards
  Pikel (D:7)
  15 harpies
  8 ironbrand convokers
  4 lindwurms (D:12)
  A shadow dragon zombie (Vaults:3)
  An orc sorcerer (Orc:2)
  3 necromancers (Vaults:4)
  6 orc knights
  83 deep elf magi
  A mana viper (shapeshifter) (D:15)
  A lindwurm (shapeshifter) (Vaults:1)
  12 mana vipers
  3 shining eyes
  3 wolf spiders
  7 cyclopes
  10 manticores
  3 human zombies (Vaults:4)
  11 salamanders
  25 ugly things
  5 fauns
  11 naga magi
  A guardian serpent (Snake:3)
  8 merfolk sirens
  12 elephants
  10 water nymphs
  4 orange demons (Lair:6)
  4 eyes of devastation
  39 black mambas
  Joseph (D:8)
  3 gargoyles
  9 vault sentinels
  A spiny frog (shapeshifter) (Elf:1)
  Psyche (D:9)
  11 komodo dragons
  9 spiny frogs
  23 yaktaurs
  2 komodo dragons (shapeshifter)
  2 ice devils (Lair:6)
  8 rime drakes
  An efreet (D:15)
  3 freezing wraiths (Vaults:4)
  An entropy weaver simulacrum (Vaults:1)
  A hellwing (Lair:6)
  A yaktaur skeleton (Vaults:3)
  24 merfolk
  3 trolls
  2 hornets
  A polar bear (Lair:2)
  A queen bee (shapeshifter) (Vaults:1)
  9 wind drakes
  14 snapping turtles
  15 hippogriffs
  2 ettin zombies (Vaults:4)
  107 slime creatures
  17 blink frogs
  4 dream sheep (Shoals:1)
  10 water elementals
  A redback (shapeshifter) (Vaults:3)
  A redback (Lab)
  4 wraiths
  5 air elementals
  31 yaks
  A basilisk (shapeshifter) (Vaults:4)
  A hog (shapeshifter) (D:15)
  2 wyverns
  Grum (D:9)
  5 fire elementals
  11 golden eyes
  The ghost of Quirk the Skirmisher, an amateur DsAK of Lugonu (D:4)
  3 basilisks
  A human simulacrum (Vaults:3)
  2 hungry ghosts
  4 vampire mosquitoes (D:13)
  Menkaure (D:6)
  4 wargs
  Edmund (D:5)
  41 nagas
  13 water moccasins
  7 hell hounds
  5 acid dragons
  Duvessa (D:7)
  2 ice beasts
  7 porcupines
  A hornet zombie (D:11)
  5 sky beasts
  5 eyes of draining
  7 orc warriors
  22 wolves
  13 ogres
  4 boggarts
  14 centaurs
  2 elf skeletons
  A human skeleton (Vaults:3)
  8 crocodiles
  8 big kobolds
  3 earth elementals
  11 bullfrogs
  Dowan (D:7)
  2 wyvern skeletons
  5 scorpions
  6 killer bees
  A wight (D:12)
  A troll skeleton (Lab)
  An electric eel (D:12)
  5 howler monkeys
  8 crimson imps
  A quasit (D:7)
  Crazy Yiuf (D:2)
  14 jellies
  8 hounds
  3 orc priests
  4 bullfrog skeletons
  11 orc wizards
  Jessica (D:2)
  4 centaur skeletons
  8 worker ants
  Terence (D:2)
  3 iguanas
  A killer bee zombie (D:8)
  2 ogre skeletons (Lab)
  2 hound skeletons
  A worker ant zombie (D:10)
  9 gnolls
  15 adders
  2 river rats (Sewer)
  2 shadow imps
  2 oozes (Lair:5)
  3 worms
  4 leopard geckos
  25 orcs
  5 giant cockroaches
  19 goblins
  10 hobgoblins
  14 jackals
  6 quokkas
  3 ball pythons
  7 bats
  8 frilled lizards
  A goblin skeleton (D:10)
  2 jackal skeletons
  32 kobolds
  2 kobold skeletons (D:10)
  A quokka skeleton (D:4)
  12 rats
  A bush (Lair:5)
  10 fungi
  88 plants
  9 tentacles
1591 creatures vanquished.

Vanquished Creatures (collateral kills)
  Mara (Vaults:3)
  A lich (Vaults:4)
  Asterion (Vaults:2)
  2 nagarajas
  6 vault wardens
  Aizul (Snake:3)
  A curse skull (Vaults:3)
  An ironheart preserver (Vaults:4)
  Louise (Snake:3)
  3 very ugly things (Vaults:1)
  A deep elf annihilator (Elf:3)
  A death ooze (Slime:5)
  Josephine (D:13)
  A yaktaur captain (Vaults:4)
  A great orb of eyes (Slime:5)
  5 vault guards
  2 naga warriors
  2 ice dragons (Vaults:1)
  An ogre mage (Vaults:2)
  3 centaur warriors
  5 two-headed ogres
  A merfolk aquamancer (Shoals:4)
  A tengu warrior (D:13)
  A death yak (Shoals:2)
  A naga sharpshooter (Snake:4)
  An orc high priest (Orc:2)
  A shock serpent (shapeshifter) (D:15)
  A deep troll earth mage (Vaults:4)
  18 slime creatures
  4 deep elf archers
  3 deep trolls (Vaults:4)
  A glowing orange brain (Vaults:3)
  A wizard (Vaults:3)
  2 naga ritualists
  2 orc knights
  2 necromancers
  4 deep elf magi
  5 ironbrand convokers
  A shadow dragon skeleton (Vaults:4)
  A wolf spider (Vaults:1)
  2 mana vipers
  12 ugly things
  A cyclops (Vaults:2)
  A tengu skeleton (Vaults:4)
  3 salamanders
  An eye of devastation (Slime:5)
  A merfolk siren (Shoals:4)
  3 naga magi
  12 black mambas
  3 human skeletons (Vaults:2)
  A water nymph (Shoals:2)
  6 guardian serpents
  A spiny frog (Lair:6)
  6 vault sentinels
  A gargoyle (D:14)
  2 centaur skeletons (D:13)
  26 yaktaurs
  A tengu conjurer (D:13)
  3 freezing wraiths
  5 merfolk
  2 yaktaur skeletons (Vaults:4)
  2 trolls
  2 snapping turtles
  A water elemental (Orc:2)
  2 wraiths (D:13)
  A human (D:10)
  A fire elemental (D:13)
  A yaktaur simulacrum (Vaults:2)
  14 nagas
  A warg (Vaults:2)
  An acid dragon (D:13)
  A floating eye (Slime:3)
  4 orc warriors
  A hornet zombie (D:13)
  3 human zombies
  2 ogres (Vaults:2)
  A boggart (D:13)
  A centaur (Vaults:1)
  An elf zombie (Vaults:4)
  A crocodile (Lair:6)
  A wolf (Lair:1)
  A bullfrog (D:15)
  A wyvern skeleton (D:13)
  3 wights (D:12)
  An electric eel (D:12)
  A crimson imp (D:13)
  A jelly (Lair:5)
  4 orc priests (Orc:2)
  3 hounds (D:13)
  6 orc wizards (Orc:2)
  A worker ant (D:12)
  An adder (D:2)
  A worm (D:2)
  6 orcs
  A goblin (D:12)
  3 kobolds
  A frilled lizard (D:2)
  A rat (D:2)
  15 plants (Shoals:1)
278 creatures vanquished.

Vanquished Creatures (others)
  An orc warlord (Vaults:3)
  A dancing weapon (Elf:2)
  2 orc high priests
  2 deep elf knights (Elf:2)
  24 orc warriors
  A deep elf archer (Elf:1)
  16 orc knights
  6 orc sorcerers
  An air elemental (Elf:1)
  An ogre (Vaults:1)
  3 howler monkeys (D:7)
  36 orc priests
  25 orc wizards
  A hound zombie (D:7)
  A gnoll (D:4)
  51 orcs
  2 goblins (D:4)
  A kobold (D:4)
  17 fungi
  3 plants
  56 tentacles
251 creatures vanquished.

Grand Total: 2120 creatures vanquished

Notes
Turn   | Place    | Note
-------+----------+-------------------------------------------
     0 | D:1      | tmwrnj the Hill Orc Fighter began the quest for the Orb.
     0 | D:1      | Reached XP level 1. HP: 19/19 MP: 1/1
   119 | D:1      | Reached XP level 2. HP: 12/27 MP: 2/2
  1059 | D:2      | Reached XP level 3. HP: 27/33 MP: 3/3
  1077 | D:2      | Noticed Terence
  1244 | D:3      | Noticed Jessica
  1255 | D:2      | Reached XP level 4. HP: 39/41 MP: 4/4
  1388 | D:3      | Found an opulent altar of Gozag.
  1548 | D:3      | Found a glowing drain.
  1574 | Sewer    | Entered a sewer
  1578 | Sewer    | Reached skill level 4 in Shields
  1801 | Sewer    | Noticed a big kobold
  1843 | Sewer    | Killed a big kobold
  1843 | Sewer    | Reached XP level 5. HP: 40/47 MP: 5/5
  1846 | Sewer    | Reached skill level 5 in Axes
  1894 | Sewer    | Found a white marble altar of Elyvilon.
  2465 | D:4      | Reached XP level 6. HP: 38/53 MP: 6/6
  2832 | D:4      | Found Umyisur's Book Shoppe.
  3183 | D:4      | Found a staircase to the Ecumenical Temple.
  3277 | D:4      | Became a worshipper of Beogh the Brigand
  3281 | D:4      | Noticed Quirk's ghost (amateur DsAK)
  3321 | D:5      | Entered Level 5 of the Dungeon
  3452 | D:5      | Noticed Edmund
  3571 | D:3      | Reached skill level 1 in Dodging
  3767 | D:4      | Reached skill level 5 in Fighting
  3767 | D:4      | Reached XP level 7. HP: 55/61 MP: 7/7
  3800 | D:4      | Found a radiant altar of Vehumet.
  3802 | D:4      | Found a shadowy altar of Dithmenos.
  3804 | D:4      | Found a hazy altar of Hepliaklqana.
  3813 | D:4      | Found a deep blue altar of Sif Muna.
  3900 | Temple   | Entered the Ecumenical Temple
  4677 | D:5      | Killed Edmund
  4677 | D:5      | Reached skill level 5 in Armour
  4677 | D:5      | Reached skill level 5 in Shields
  4677 | D:5      | Reached XP level 8. HP: 33/68 MP: 8/8
  4770 | D:4      | Killed Quirk's ghost
  5204 | D:4      | Reached * piety under Beogh
  5857 | D:6      | Found a stormy altar of Qazlal.
  6223 | D:6      | Reached skill level 1 in Stealth
  6299 | D:6      | Noticed Menkaure
  6709 | D:6      | Killed Menkaure
  6709 | D:6      | Reached XP level 9. HP: 68/75 MP: 9/9
  6847 | D:6      | Reached skill level 6 in Shields
  6959 | D:6      | Got a dazzling mace
  6960 | D:6      | Identified the +8 mace "Wonnifekk" {freeze, +Inv rPois rF+ MP+9} (You found it on level 6 of the Dungeon)
  7115 | D:7      | Noticed Duvessa
  7117 | D:7      | Noticed Dowan
  7126 | D:7      | Killed Duvessa
  7136 | D:7      | Killed Dowan
  7293 | D:7      | Reached skill level 1 in Maces & Flails
  7441 | D:7      | Noticed Pikel
  7456 | D:7      | Killed Pikel
  7461 | D:7      | Found Amiduute's General Store.
  7830 | D:8      | Noticed a deep elf mage
  7837 | D:8      | Killed a deep elf mage
  7837 | D:8      | Reached skill level 5 in Maces & Flails
  7837 | D:8      | Reached skill level 7 in Shields
  7868 | D:8      | Noticed Joseph
  7921 | D:8      | Killed Joseph
  7921 | D:8      | Reached XP level 10. HP: 19/84 MP: 10/10
  8175 | D:8      | Got a smoking leather armour
  8187 | D:8      | Identified the +1 leather armour of the Battered Ghosts {+Blink Int+4} (You found it on level 8 of the Dungeon)
  8238 | D:8      | Reached ** piety under Beogh
  8707 | D:9      | Noticed Psyche
  8717 | D:9      | Killed Psyche
  8799 | D:9      | Noticed Grum
  8814 | D:9      | Killed Grum
  9327 | D:10     | Entered Level 10 of the Dungeon
  9359 | D:10     | Found a staircase to the Lair.
  9366 | D:10     | Found a staircase to the Orcish Mines.
  9495 | Orc:1    | Entered Level 1 of the Orcish Mines
  9638 | D:10     | Found a runed door.
  9647 | D:10     | Found a basalt altar of Yredelemnul.
  9654 | D:10     | Reached *** piety under Beogh
  9912 | D:11     | Noticed a cyclops
  9942 | D:11     | Noticed a two-headed ogre
 10248 | D:12     | Reached skill level 8 in Shields
 10293 | D:12     | Noticed a manticore
 10309 | D:12     | Killed a manticore
 10309 | D:12     | Reached XP level 11. HP: 70/94 MP: 11/11
 10311 | D:12     | Noticed a two-headed ogre
 10313 | D:12     | Gained Orkrul as an ally
 10316 | D:12     | Found Sosut's Food Emporium.
 10317 | D:12     | Killed a two-headed ogre
 10360 | D:12     | Noticed a cyclops
 10379 | D:12     | Your ally Orkrul died
 10419 | D:11     | Noticed a brown ugly thing
 10487 | D:11     | Reached **** piety under Beogh
 10909 | Orc:2    | Entered Level 2 of the Orcish Mines
 10910 | Orc:2    | Found a staircase to the Elven Halls.
 11280 | Orc:2    | Noticed an orc sorcerer
 11284 | Orc:2    | Reached skill level 10 in Maces & Flails
 11288 | Orc:2    | Noticed an orc sorcerer
 11292 | Orc:2    | Noticed an orc high priest
 11303 | Orc:2    | Killed an orc high priest
 11415 | Orc:2    | Noticed an orc sorcerer
 11526 | Orc:2    | Noticed an orc knight
 11538 | Orc:2    | Killed an orc knight
 11637 | Orc:2    | Found Nearhaill's Magic Scroll Boutique.
 11637 | Orc:2    | Found Jut Cekhla's Jewellery Boutique.
 11638 | Orc:2    | Found Hicitauw's General Store.
 11641 | Orc:2    | Noticed an orc sorcerer
 11644 | Orc:2    | Found Paodghodu's Book Shop.
 11668 | Orc:2    | Bought a potion of degeneration for 12 gold pieces
 11668 | Orc:2    | Bought a scroll of enchant armour for 90 gold pieces
 12160 | D:2      | Killed Terence
 12207 | D:2      | Killed Jessica
 12309 | D:2      | Found a runed door.
 12313 | D:2      | Noticed Crazy Yiuf
 12316 | D:2      | Killed Crazy Yiuf
 12540 | D:2      | Found a sparkling altar of Nemelex Xobeh.
 13040 | D:7      | Bought a scroll of identify for 26 gold pieces
 13040 | D:7      | Bought a scroll of acquirement for 676 gold pieces
 13054 | D:7      | Got a faintly humming scarf
 13060 | D:7      | Identified the scarf "Miudghisy" {MR+ Regen+} (You acquired it on level 7 of the Dungeon)
 13254 | D:11     | Killed a brown ugly thing
 13393 | D:11     | Killed a cyclops
 13393 | D:11     | Reached ***** piety under Beogh
 13405 | D:11     | Gained Bogfrid as an ally
 13417 | D:11     | Noticed a green ugly thing
 13427 | D:11     | Killed a green ugly thing
 13481 | D:12     | Killed a cyclops
 13586 | D:12     | Noticed a lindwurm
 13587 | D:12     | Noticed a lindwurm
 13588 | D:12     | Noticed a lindwurm
 13599 | D:12     | Noticed a lindwurm
 14150 | D:13     | Noticed a centaur warrior
 14158 | D:13     | Killed a centaur warrior
 14159 | D:13     | Reached skill level 9 in Shields
 14173 | D:13     | Noticed an orc knight
 14191 | D:13     | Killed an orc knight
 14197 | D:13     | Noticed a skeletal warrior
 14203 | D:13     | Reached XP level 12. HP: 104/104 MP: 12/12
 14292 | D:13     | Noticed a centaur warrior
 14293 | D:13     | Noticed a centaur warrior
 14303 | D:13     | Killed a centaur warrior
 14312 | D:13     | Killed a centaur warrior
 14376 | D:13     | Noticed a centaur warrior
 14393 | D:13     | Killed a centaur warrior
 14431 | D:13     | Noticed Azrael
 14438 | D:13     | Reached skill level 10 in Shields
 14454 | D:13     | Killed Azrael
 14589 | D:13     | Found a gate to the Vaults.
 14610 | D:13     | Noticed Josephine
 14625 | D:13     | Killed Josephine
 15861 | Lair:1   | Entered Level 1 of the Lair of Beasts
 15952 | Lair:1   | Found a labyrinth entrance.
 15966 | Lab      | Entered a labyrinth
 16093 | Lab      | Reached skill level 10 in Fighting
 16155 | Lab      | Reached XP level 13. HP: 82/113 MP: 13/13
 16263 | Lab      | Noticed a minotaur
 16271 | Lab      | Killed a minotaur
 16271 | Lab      | Reached skill level 10 in Armour
 16271 | Lab      | Reached skill level 11 in Shields
 16273 | Lab      | Got a warped war axe {protect}
 16301 | Lab      | Identified the +8 war axe of the Secret Runes {protect, rN+} (You took it off a minotaur in a labyrinth)
 16316 | Lab      | Got a pair of crude gloves
 16316 | Lab      | Got a twisted plate armour
 16322 | Lab      | Identified the +3 pair of gloves of Heresy {MR+} (You found it in a labyrinth)
 16332 | Lab      | Identified the +12 plate armour of the Loofah {+Blink rC++ Dex-5} (You found it in a labyrinth)
 16348 | Lab      | Got a transparent scale mail
 16386 | Lab      | Identified the +4 scale mail of Zoom {rC+ MR+ Str-5 Int+4} (You found it in a labyrinth)
 17439 | Lair:2   | Reached ****** piety under Beogh
 17899 | Lair:2   | Reached skill level 12 in Shields
 18039 | Lair:2   | Noticed Urug
 18054 | Lair:2   | Killed Urug
 18077 | Lair:2   | Found a staircase to the Snake Pit.
 18576 | Lair:3   | Noticed Rupert
 19437 | Lair:3   | Killed Rupert
 19751 | Lair:4   | Reached XP level 14. HP: 124/124 MP: 14/14
 19761 | Lair:4   | Reached skill level 13 in Shields
 20144 | Lair:4   | Found a staircase to the Shoals.
 20560 | Lair:5   | Got a pair of warped boots
 20572 | Lair:5   | Identified the +1 pair of boots "Zyinkes" {rF+ SInv} (You found it on level 5 of the Lair of Beasts)
 21056 | Lair:5   | Reached skill level 14 in Shields
 21108 | Lair:5   | Found a staircase to the Slime Pits.
 21367 | Lair:6   | Entered Level 6 of the Lair of Beasts
 21940 | Lair:6   | Reached XP level 15. HP: 134/134 MP: 15/15
 21999 | Lair:6   | Reached skill level 15 in Shields
 22134 | Lair:6   | Found a burning altar of Makhleb.
 22140 | Lair:6   | Found a gateway to Hell.
 22357 | Lair:6   | Gained Bogfrid as an ally
 22643 | D:11     | Your ally Bogfrid died
 23137 | D:13     | Gained Jorge as an ally
 23246 | D:14     | Your ally Jorge died
 23355 | D:14     | Reached skill level 16 in Shields
 23396 | D:14     | Found Oxyoral's Jewellery Emporium.
 23419 | D:14     | Reached skill level 15 in Maces & Flails
 23763 | D:14     | Gained Brunolf as an ally
 23947 | D:15     | Entered Level 15 of the Dungeon
 23959 | D:14     | Your ally Brunolf died
 24224 | D:15     | Gained Murdo as an ally
 24394 | D:15     | Found a staircase to the Depths.
 24928 | Elf:1    | Entered Level 1 of the Elven Halls
 24940 | Elf:1    | Your ally Murdo died
 24944 | Orc:2    | Reached XP level 16. HP: 94/144 MP: 16/16
 24949 | Orc:2    | Gained Olfrun as an ally
 25043 | Orc:2    | Your ally Olfrun died
 25304 | Elf:1    | Reached skill level 17 in Shields
 25389 | Elf:1    | Found Qougum's Book Shoppe.
 26131 | Elf:1    | Reached skill level 1 in Evocations
 26544 | Elf:1    | Found Mukes's Weapon Shoppe.
 26819 | Elf:1    | Found Fiuru's General Store.
 27452 | Elf:2    | Reached skill level 18 in Shields
 27917 | Elf:2    | Reached XP level 17. HP: 105/154 MP: 17/17
 28095 | Elf:2    | Found a runed gate.
 28095 | Elf:2    | Found a runed gate.
 28096 | Elf:2    | Found a runed gate.
 28732 | Elf:2    | Noticed a deep elf blademaster
 28813 | Elf:2    | Killed a deep elf blademaster
 28816 | Elf:2    | Reached skill level 19 in Shields
 29450 | Elf:3    | Entered Level 3 of the Elven Halls
 29772 | Elf:3    | Found Lolyss's Jewellery Shoppe.
 29830 | Elf:3    | Gained Arbolt as an ally
 30008 | Elf:3    | Your ally Arbolt died
 30613 | Elf:3    | Noticed a deep elf blademaster
 30638 | Elf:3    | Noticed a deep elf master archer
 30654 | Elf:3    | Noticed a deep elf master archer
 30819 | Elf:2    | Killed a deep elf blademaster
 31369 | Elf:3    | Killed a deep elf master archer
 31373 | Elf:3    | Killed a deep elf master archer
 31579 | Elf:3    | Reached skill level 15 in Fighting
 31583 | Elf:3    | Reached XP level 18. HP: 127/163 MP: 18/18
 31672 | Elf:3    | Reached skill level 20 in Shields
 32117 | Elf:3    | Noticed a deep elf blademaster
 32376 | Orc:2    | Bought the amulet of Vitality {Regen+ HP+15} for 1185 gold pieces
 32614 | Elf:3    | Got a fine mace {vamp}
 32667 | Elf:3    | Got an uncursed polished mace {venom}
 32667 | Elf:3    | Got a dazzling plate armour
 32700 | Elf:3    | Killed a deep elf blademaster
 32747 | Elf:3    | Identified the +9 mace "Gumimeel" {venom, rF+ rN+ MR+} (You took it off a deep elf high priest on level 3 of the Elven Halls)
 32758 | Elf:3    | Identified the +6 plate armour of the Snake Pit {rC+ MR++ Str-3} (You took it off a deep elf high priest on level 3 of the Elven Halls)
 32781 | Elf:3    | Got a twitching ivory amulet
 33108 | Elf:3    | Got a twitching jade ring
 33109 | Elf:3    | Got an ancient flail {crush}
 33111 | Elf:3    | Identified the +6 flail of Earthquakes {crush, +Fly rN+ Dex-4 SInv} (You took it off a deep elf annihilator on level 3 of the Elven Halls)
 33115 | Elf:3    | Identified the ring of Ytass {rC+ Str+5 Slay+2} (You took it off a deep elf annihilator on level 3 of the Elven Halls)
 33117 | Elf:3    | Identified the amulet of Qain {+Fly Regen+ Int+4 Dex-5} (You took it off a deep elf elementalist on level 3 of the Elven Halls)
 33285 | Elf:3    | Noticed an Ice Fiend
 33542 | Elf:3    | Noticed a Hell Sentinel
 33543 | Elf:3    | Noticed a Tzitzimitl
 33800 | Elf:3    | Gained Worak as an ally
 33806 | Elf:3    | Your ally Worak died
 34039 | Elf:3    | Gained Zartorak as an ally
 34111 | Elf:3    | Identified the Handbook of the Escort
 34687 | Shoals:1 | Entered Level 1 of the Shoals
 34948 | Shoals:1 | Your ally Zartorak died
 35179 | Shoals:1 | Noticed Frances
 35194 | Shoals:1 | Killed Frances
 35534 | Shoals:1 | Reached skill level 21 in Shields
 36228 | Shoals:2 | Gained Bogdar as an ally
 36242 | Shoals:2 | Noticed Polyphemus
 36256 | Shoals:2 | Your ally Bogdar died
 36543 | Shoals:1 | Killed Polyphemus
 36546 | Shoals:1 | Reached XP level 19. HP: 60/172 MP: 19/19
 37278 | Shoals:2 | Reached skill level 15 in Armour
 38945 | Shoals:4 | Entered Level 4 of the Shoals
 39084 | Shoals:4 | Gained Brandogh as an ally
 39098 | Shoals:4 | Your ally Brandogh died
 39310 | Shoals:4 | Reached skill level 22 in Shields
 39493 | Shoals:4 | Noticed Ilsuiw
 39774 | Shoals:4 | Gained Grimold as an ally
 39798 | Shoals:4 | Killed Ilsuiw
 39798 | Shoals:4 | Gained Koronagh as an ally
 39865 | Shoals:4 | Your ally Koronagh died
 39868 | Shoals:4 | Your ally Grimold died
 40119 | Shoals:4 | Gained Urtork as an ally
 40299 | Shoals:4 | Your ally Urtork died
 40305 | Shoals:4 | Gained Okrist as an ally
 40324 | Shoals:4 | Got a barnacled rune of Zot
 41029 | Orc:2    | Bought a potion of curing for 36 gold pieces
 41124 | Snake:1  | Entered Level 1 of the Snake Pit
 41237 | Snake:1  | Found Waoggoxi's Food Boutique.
 41363 | Snake:1  | Gained Ugrim as an ally
 41876 | Snake:1  | Your ally Ugrim died
 42102 | Snake:1  | Reached XP level 20. HP: 182/182 MP: 20/20
 42637 | Snake:2  | Reached skill level 23 in Shields
 42638 | Snake:2  | Gained Hilgar as an ally
 43617 | Snake:3  | Gained Bladwarg as an ally
 43686 | Snake:3  | Noticed Louise
 43698 | Snake:3  | Killed Louise
 43838 | Snake:3  | Your ally Bladwarg died
 43984 | Snake:3  | Noticed Aizul
 44002 | Snake:3  | Killed Aizul
 44378 | Snake:4  | Entered Level 4 of the Snake Pit
 44735 | Snake:4  | Found Pimuir Xiwu's Gadget Boutique.
 44736 | Snake:4  | Found Zaizomiu's Jewellery Emporium.
 44736 | Snake:4  | Found Nestron's Jewellery Emporium.
 44990 | Snake:4  | Your ally Hilgar died
 45457 | Snake:4  | Got a serpentine rune of Zot
 45945 | Vaults:1 | Entered Level 1 of the Vaults
 46439 | Vaults:1 | Reached XP level 21. HP: 170/191 MP: 22/22
 46514 | Vaults:1 | Reached skill level 24 in Shields
 46602 | Vaults:1 | Gained Morguth as an ally
 47937 | Vaults:2 | Noticed Frederick
 47938 | Vaults:2 | Noticed Asterion
 47949 | Vaults:2 | Killed Frederick
 47960 | Vaults:2 | Killed Asterion
 48104 | Vaults:2 | Found Nopyv's Distillery.
 48651 | Vaults:2 | Gained Ugrim as an ally
 48972 | Vaults:3 | Noticed Mara
 48987 | Vaults:3 | Killed Mara
 49033 | Vaults:3 | Gained Ugbert as an ally
 49099 | Vaults:3 | Your ally Ugbert died
 49218 | Vaults:3 | Your ally Ugrim died
 49242 | Vaults:3 | Your ally Morguth died
 49354 | Vaults:3 | Found Hinegh's Book Shop.
 49664 | Vaults:3 | Found a staircase to the Crypt.
 49725 | Vaults:3 | Reached XP level 22. HP: 114/202 MP: 23/23
 49725 | Vaults:3 | Reached skill level 25 in Shields
 49872 | Vaults:3 | Gained Olfik as an ally
 50527 | Vaults:4 | Your ally Olfik died
 50569 | Vaults:4 | Your ally Okrist died
 50648 | Vaults:4 | Your ally Bogfrid died
 51062 | Vaults:4 | Gained Borgoth as an ally
 51127 | Vaults:4 | Found Tinet's Assorted Antiques.
 51136 | Vaults:4 | Gained Zartorak as an ally
 51304 | Vaults:4 | Your ally Borgoth died
 51304 | Vaults:4 | Gained Bogfrid as an ally
 51931 | Vaults:5 | Entered Level 5 of the Vaults
 52256 | D:13     | Gained Syrus as an ally
 52561 | Slime:1  | Entered Level 1 of the Pits of Slime
 52847 | Slime:1  | Gained Okrist as an ally
 52880 | Slime:1  | Your ally Okrist died
 53357 | Slime:2  | Gained Arbolt as an ally
 53539 | Slime:3  | Reached skill level 26 in Shields
 53637 | Slime:4  | Gained mutation: You are frail. (-10% HP) [a shining eye]
 53638 | Slime:4  | Gained mutation: Scrolls take you a little longer to read. [a shining eye]
 53646 | Slime:4  | Your ally Arbolt died
 53648 | Slime:4  | Reached XP level 23. HP: 189/189 MP: 18/24
 53703 | Slime:5  | Entered Level 5 of the Pits of Slime
 53758 | Slime:5  | Reached skill level 5 in Dodging
 53893 | Slime:5  | Noticed the Royal Jelly
 54015 | Slime:4  | HP: 9/205 [acid (8)]
 54356 | Slime:4  | Gained mutation: Your mind is acute. (Int +2) [a shining eye]
 54360 | Slime:4  | Gained mutation: You are clumsy. (Dex -2) [a shining eye]
 54364 | Slime:4  | Gained mutation: Your flesh is heat resistant. (rF+) [a shining eye]
 54366 | Slime:4  | Gained mutation: You have large cloven feet. [a shining eye]
 54435 | Slime:4  | Gained mutation: Scrolls take you longer to read. [a shining eye]
 54436 | Slime:4  | Gained mutation: Your body sometimes deteriorates upon taking damage. [a shining eye]
 54450 | Slime:3  | Gained mutation: Armour fits poorly on your strangely shaped body. [a shining eye]
 54454 | Slime:3  | Gained mutation: You tend to lose your temper in combat. [a shining eye]
 54712 | Slime:5  | Found a viscous altar of Jiyva.
 54721 | Slime:5  | Gained Spirok as an ally
 54868 | Slime:5  | Your ally Spirok died
 56577 | Slime:5  | HP: 8/206 [death ooze[the Royal Jelly] (16)]
 56581 | Slime:5  | Splashed by an acid blob's acid

Skill      XL: |  1  2  3  4  5  6  7  8  9 10 11 12 13 14 15 16 17 18 19 20 21 22 23 |
---------------+----------------------------------------------------------------------+-----
Axes           | 3 4 5 6 8 9 |  9.9
Fighting       | 4 5 6 7 9 10 11 12 13 14 15 16 17 18 19 | 19.2
Shields        | 4 5 7 8 9 10 12 14 16 18 19 21 22 23 24 26 | 26.5
Armour         | 4 5 6 7 8 9 11 12 13 14 15 16 17 | 17.0
Dodging        | 1 2 3 4 5 |  5.2
Stealth        | 1 2 3 4 |  4.8
Maces & Flails | 5 9 11 13 14 15 16 17 18 19 20 | 20.4
Evocations     | 1 |  1.6
Crossbows      | |  0.1

Action                   |  1- 3 |  4- 6 |  7- 9 | 10-12 | 13-15 | 16-18 | 19-21 | 22-24 || total
-------------------------+-------+-------+-------+-------+-------+-------+-------+-------++-------
Melee: War axe           |    71 |   247 |   258 |       |       |       |       |       ||   576
       Mace              |       |       |    84 |   700 |  1665 |  1930 |  2775 |  1502 ||  8656
 Fire: Hand crossbow     |       |       |     2 |       |       |       |       |       ||     2
Invok: Convert to Beogh  |       |     1 |       |       |       |       |       |       ||     1
       Recall Orcish Fol |       |       |       |       |       |       |       |     1 ||     1
 Abil: Evoke Blink       |       |       |       |       |     3 |     3 |     1 |     3 ||    10
       Evoke Flight      |       |       |       |       |     1 |       |       |       ||     1
  Use: Scroll            |       |     1 |     3 |     9 |    14 |     2 |     8 |     3 ||    40
       Potion            |       |       |       |       |     2 |     4 |       |     9 ||    15
 Stab: Paralysed         |       |       |       |     3 |       |       |       |       ||     3
       Distracted        |       |       |       |     1 |     4 |     2 |    15 |    12 ||    34
  Eat: Chunk             |     1 |     7 |    11 |    18 |    22 |    28 |    33 |     9 ||   129
       Royal jelly       |       |     1 |     1 |     3 |     2 |     4 |     3 |     6 ||    20
       Bread ration      |       |       |       |     1 |     1 |       |       |       ||     2
       Fruit             |       |       |       |       |     1 |     4 |     7 |     4 ||    16
Armor: Scale mail        |    40 |   165 |    56 |       |       |       |       |       ||   261
       Chain mail        |       |       |    88 |   138 |       |       |       |       ||   226
       Plate armour      |       |       |       |   167 |   749 |   728 |   883 |   688 ||  3215
Dodge: Dodged            |    19 |    99 |    70 |   142 |   223 |   272 |   419 |   306 ||  1550
Block: Shield            |    50 |   179 |   143 |   101 |       |       |       |       ||   473
       Large shield      |       |       |       |   392 |  1650 |  1884 |  2995 |  1870 ||  8791
